Description

Not optimized

Replay - timing bcs

Build Order

Get SALT Encoding   

  12  0:00  SCV  
  13  0:12  SCV  
  14  0:22  Supply Depot  
  14  0:25  SCV  
  15  0:30  Refinery  
  15  0:44  Barracks  
  15  0:47  SCV  
  16  0:59  SCV  
  17  1:11  SCV  
  18  1:14  Supply Depot  
  18  1:17  Refinery  
  18  1:23  SCV  
  19  1:32  Reaper  
  20  1:39  Engineering Bay  
  20  1:45  Orbital Command  
  20  2:08  Factory  
  20  2:16  SCV  
  20  2:21  Marine  
  22  2:28  SCV  
  23  2:39  Marine  
  23  2:40  SCV  
  25  2:54  Factory Tech Lab  
  25  2:57  Starport, Command Center  
  26  3:02  Marine  
  28  3:22  Widow Mine  
  28  3:25  Marine  
  31  3:34  Supply Depot  
  31  3:35  Starport Tech Lab  
  31  3:39  Fusion Core  
  31  3:56  Marine  
  31  4:00  Supply Depot  
  33  4:05  Raven  
  36  4:13  Marine  
  36  4:22  Siege Tank  
  41  4:28  Refinery  
  41  4:31  Marine  
  44  4:43  Sensor Tower  
  45  4:50  Starport  
  46  4:54  Refinery  
  47  5:01  Barracks Tech Lab  
  50  5:26  Orbital Command  
  51  5:31  Command Center  
  51  5:36  Sensor Tower  
  51  5:40  Starport Tech Lab  
  52  5:50  Supply Depot  
  54  5:59  Missile Turret  
  55  6:05  Medivac  
  58  6:17  Armory x2  
  61  6:34  Battlecruiser  
  61  6:36  Weapon Refit  
  72  7:01  Marine  
  72  7:04  Battlecruiser  
  82  7:17  Refinery  
  82  7:19  Marine  
  86  7:26  Terran Vehicle And Ship Armor Level 1  
  86  7:27  Terran Ship Weapons Level 1  
  86  7:36  Starport  
  87  7:37  Marine  
  87  7:43  Refinery  
  92  8:09  Battlecruiser  
  92  8:12  Starport Tech Lab  
  98  8:13  Widow Mine  
  98  8:19  Planetary Fortress  
  101  8:33  Battlecruiser  
  108  8:48  Battlecruiser  
  114  9:07  Missile Turret x3  
  114  9:19  Battlecruiser  
  114  9:21  Terran Vehicle And Ship Armor Level 2  
  120  9:25  Terran Ship Weapons Level 2  
  121  9:51  Siege Tank  
  125  9:59  Terran Infantry Weapons Level 1  
Spawning Tool Build Advisor. Get it on Overwolf

Go to:

Details

  • Created by: jarhead4123
  • Published on: Aug 04, 2020
  • Modified on: Aug 04, 2020
  • Patch: 4.11.0
  • Difficulty: Easy
Show
View Real Time Build Order
Export as new Build Order

Comments (0)

There are no comments. Be the first!

Create an account to comment!